 Dungeon Crawl Stone Soup version 0.20-a0-1020-g7b9e4fe (webtiles) character file.

15852 GlassEater the Nimble (level 12, 0/79 HPs)
             Began as a Kobold Berserker on Apr 18, 2017.
             Was a High Priest of Trog.
             Splashed by an oklob plant's acid (10 damage)
             ... on level 1 of the Lair of Beasts.
             The game lasted 00:31:53 (11895 turns).

GlassEater the Nimble (Kobold Berserker)           Turns: 11895, Time: 00:31:54

Health: 0/79       AC:  7    Str: 17    XL:     12   Next: 62%
Magic:  13/13      EV: 16    Int: 14    God:    Trog [*****.]
Gold:   924        SH:  0    Dex: 18    Spells: 11/11 levels left

rFire    . . .     SeeInvis .   a - +4 rapier (holy)
rCold    + . .     Gourm    .   (shield restricted)
rNeg     . . .     Faith    .   R - +6 chain mail of the Gravedigger {rPois Str+2 Slay+2}
rPois    +         Spirit   .   E - +0 helmet
rElec    +         Reflect  .   K - scarf {rC+}
rCorr    .         Harm     .   G - +2 pair of gloves
MR       ++...                  J - +0 pair of boots
Stlth    +.........             (no amulet)
Regen    1.7/turn               t - +5 ring of intelligence
MPRegen  0.2/turn               U - ring of stealth (curse)

@: exhausted, corroded, regenerating, hasted, very quick
A: blurry vision 1, carnivore 3, high mp 1, regeneration 1, electricity
resistance
a: Berserk, Trog's Hand, Brothers in Arms, Burn Spellbooks, Renounce Religion


You were on level 1 of the Lair of Beasts.
You worshipped Trog.
Trog was extremely pleased with you.
You were very full.

You visited 2 branches of the dungeon, and saw 12 of its levels.

You collected 987 gold pieces.
You spent 63 gold pieces at shops.

Inventory:

Hand Weapons
 a - a +4 rapier of holy wrath (weapon)
 b - a +0 hand crossbow
Missiles
 h - 136 bolts
Armour
 e - a +2 leather armour of cold resistance
 y - a +2 ring mail of fire resistance
 E - a +0 helmet (worn)
 G - a +2 pair of gloves (worn)
 H - a +2 cloak of poison resistance
 J - a +0 pair of boots (worn)
 K - a scarf of cold resistance (worn)
 R - the +6 chain mail of the Gravedigger (worn) {rPois Str+2 Slay+2}
   (You found it on level 8 of the Dungeon)

   It affects your strength (+2).
   It affects your accuracy and damage with ranged weapons and melee attacks
   (+2).
   It protects you from poison.
Jewellery
 t - a +5 ring of intelligence (left hand)
 w - an uncursed ring of fire
 B - an uncursed ring of ice
 L - an uncursed amulet of faith
 U - a cursed ring of stealth (right hand)
Wands
 l - a wand of enslavement (12/24)
 p - a wand of polymorph (18/24)
 q - a wand of digging (14/24)
 A - a wand of iceblast (1/15)
 D - a wand of clouds (3/9)
 N - a wand of acid (8/15)
 P - a wand of iceblast (6/15)
Scrolls
 g - 2 scrolls of enchant armour {unknown}
 i - 4 scrolls of teleportation {unknown}
 j - 3 scrolls of blinking {unknown}
 n - 7 scrolls of remove curse
 z - 5 scrolls of fog
 C - 5 scrolls of enchant weapon {unknown}
 I - a scroll of magic mapping {unknown}
 M - a scroll of recharging {unknown}
 O - a scroll of holy word {unknown}
 S - a scroll of brand weapon {unknown}
Potions
 d - 12 potions of curing
 f - a potion of mutation
 o - 5 potions of brilliance
 v - 2 potions of ambrosia
 x - 3 potions of agility
 Q - a potion of might {unknown}
 T - a potion of resistance {unknown}
Comestibles
 c - 6 meat rations
 k - 7 royal jellies
 s - 2 chunks of flesh


   Skills:
 - Level 10.8 Fighting
 - Level 10.0 Short Blades
 + Level 10.0 Crossbows
 - Level 8.4 Armour
 - Level 10.9 Dodging
 - Level 3.9 Stealth


You had 11 spell levels left.
You didn't know any spells.

Dungeon Overview and Level Annotations

Branches:
Dungeon (11/15)            Temple (0/1) D:7            Lair (1/6) D:11
    Orc: D:9-12

Altars:
Ashenzari
Cheibriados
Elyvilon
Fedhas
Hepliaklqana
Ru
Sif Muna
Trog
Uskayaw
Vehumet

Shops:
D:8 [

Annotations:
Lair:1 exclusion: oklob plant


Innate Abilities, Weirdness & Mutations

You are small and have problems with some larger weapons.
You are carnivorous and can eat meat at any time.
Scrolls take you a little longer to read.
You have an increased reservoir of magic. (+10% MP)
Your natural rate of healing is unusually fast.
You are resistant to electric shocks. (rElec)


Message History

The oklob plant is severely damaged.
You hit the oklob plant.
The oklob plant is almost destroyed.
You hit the oklob plant.
The oklob plant is almost destroyed.
You hit the oklob plant but do no damage.
The oklob plant is almost destroyed.
The oklob plant spits acid at you. The splash of acid hits you!
The acid corrodes you!
You are splashed with acid!
The acid burns!
* * * LOW HITPOINT WARNING * * *
You hit the oklob plant but do no damage.
The oklob plant is almost destroyed.
You hit the oklob plant but do no damage.
The oklob plant is almost destroyed.
The oklob plant spits acid at you. The splash of acid hits you!
* * * LOW HITPOINT WARNING * * *
The acid corrodes you!
You are splashed with acid!
The acid burns!
You die...

# ##.#.# #....## #
#...## ##....#
##...## #...##
##..#..## #...#
##.......## #...#
#.........# #..##
#...##PPP(####..##
#...#
#(=((#).....# ....
#$@.=#..#..## .
#(P..#.##..#
#../.#.....#
########.### ###


You could see an oklob plant.

Vanquished Creatures
  3 two-headed ogres
  2 unseen horrors
  Pikel (D:4)
  2 oklob plants (Lair:1)
  2 ugly things
  Joseph (D:9)
  3 spiny frogs (Lair:1)
  A kobold demonologist (D:11)
  3 komodo dragons (Lair:1)
  A troll (D:10)
  Grinder (D:2)
  The ghost of Af the Bolt Thrower, an amateur BaAM of Okawaru (D:5)
  A hippogriff (D:9)
  3 wyverns (D:11)
  A wraith (D:10)
  Sigmund (D:3)
  3 yaks (D:9)
  Eustachio (D:6)
  2 hungry ghosts
  Edmund (D:6)
  4 water moccasins
  A slave (D:4)
  A swamp drake (D:11)
  3 ice beasts
  3 orc warriors
  2 black bears
  7 ogres
  An eye of draining (D:9)
  5 centaurs
  5 phantoms
  4 crocodiles
  A big kobold (D:10)
  Blork the orc (D:5)
  5 bullfrogs
  3 scorpions
  6 killer bees (D:10)
  5 wights (D:6)
  A howler monkey (D:6)
  2 centaur zombies
  2 bullfrog zombies
  4 crimson imps
  5 hounds
  7 orc priests
  Crazy Yiuf (D:5)
  A centaur skeleton (D:6)
  4 jellies
  10 orc wizards
  A bullfrog skeleton (D:11)
  3 iguanas
  Ijyb (D:6)
  5 worker ants
  A killer bee zombie (D:9)
  A mummy (D:7)
  A hound skeleton (D:7)
  A worker ant zombie (D:7)
  Robin (D:3)
  3 gnolls (D:4)
  11 adders
  A river rat (D:3)
  3 shadow imps
  2 oozes
  2 adder skeletons
  2 adder zombies
  4 worms
  A dart slug (D:3)
  4 leopard geckos
  37 orcs
  4 giant cockroaches
  25 goblins
  22 hobgoblins
  17 jackals
  5 quokkas
  4 ball pythons
  6 bats
  7 frilled lizards
  A jackal zombie (D:6)
  13 kobolds
  6 rats
  A plant (Lair:1)
324 creatures vanquished.

Notes
Turn   | Place    | Note
-------+----------+-------------------------------------------
     0 | D:1      | GlassEater the Kobold Berserker began the quest for the Orb.
     0 | D:1      | Reached XP level 1. HP: 14/14 MP: 1/1
    42 | D:1      | Reached XP level 2. HP: 6/19 MP: 2/2
   552 | D:1      | Reached XP level 3. HP: 23/23 MP: 3/3
   914 | D:2      | Found a hide-covered altar of Uskayaw.
   946 | D:2      | Reached skill level 5 in Short Blades
  1047 | D:2      | Reached XP level 4. HP: 28/28 MP: 4/4
  1058 | D:2      | Reached ** piety under Trog
  1440 | D:3      | Found a shattered altar of Ashenzari.
  1679 | D:3      | Noticed Grinder
  1698 | D:2      | Killed Grinder
  1698 | D:2      | Reached XP level 5. HP: 33/33 MP: 5/5
  1698 | D:2      | Reached XP level 6. HP: 38/38 MP: 6/6
  2138 | D:3      | Reached XP level 7. HP: 21/44 MP: 7/7
  2720 | D:3      | Noticed Robin
  2747 | D:3      | Killed Robin
  3053 | D:3      | Noticed Sigmund
  3063 | D:3      | Killed Sigmund
  3482 | D:4      | Reached skill level 5 in Dodging
  3482 | D:4      | Reached XP level 8. HP: 48/48 MP: 8/8
  3552 | D:4      | Gained mutation: You have an increased reservoir of magic. (+10% MP) [potion of mutation]
  3552 | D:4      | Gained mutation: You are resistant to electric shocks. (rElec) [potion of mutation]
  3552 | D:4      | Gained mutation: Scrolls take you a little longer to read. [potion of mutation]
  3552 | D:4      | Gained mutation: Your natural rate of healing is unusually fast. [potion of mutation]
  3582 | D:4      | You fall through a shaft!
  3582 | D:5      | Entered Level 5 of the Dungeon
  3645 | D:5      | Noticed Blork the orc
  3655 | D:5      | Killed Blork the orc
  3738 | D:5      | Noticed Ijyb
  3741 | D:5      | Noticed Af's ghost (amateur BaAM)
  3742 | D:5      | Noticed Edmund
  3776 | D:6      | Reached skill level 5 in Fighting
  3847 | D:6      | Killed Ijyb
  3862 | D:6      | Killed Edmund
  3862 | D:6      | Reached skill level 10 in Short Blades
  3909 | D:5      | Killed Af's ghost
  3909 | D:5      | Reached XP level 9. HP: 27/54 MP: 9/9
  4299 | D:4      | Reached *** piety under Trog
  4403 | D:4      | Noticed Pikel
  4466 | D:4      | Killed Pikel
  5171 | D:5      | Found a runed door.
  5394 | D:5      | Noticed Crazy Yiuf
  5402 | D:5      | Killed Crazy Yiuf
  5682 | D:6      | Reached skill level 5 in Armour
  5719 | D:6      | Reached skill level 1 in Stealth
  5855 | D:6      | Noticed Eustachio
  5881 | D:6      | Killed Eustachio
  5881 | D:6      | Reached XP level 10. HP: 63/63 MP: 11/11
  6055 | D:6      | Reached **** piety under Trog
  6684 | D:7      | Found a staircase to the Ecumenical Temple.
  6727 | D:7      | Found a white marble altar of Elyvilon.
  7115 | D:7      | Found a snail-covered altar of Cheibriados.
  7665 | D:8      | Killed an unseen horror
  7709 | D:8      | Noticed a two-headed ogre
  7719 | D:8      | Killed a two-headed ogre
  7719 | D:8      | Reached skill level 10 in Dodging
  7764 | D:8      | Got a crude chain mail
  7767 | D:8      | Identified the +6 chain mail of the Gravedigger {rPois Str+2 Slay+2} (You found it on level 8 of the Dungeon)
  7811 | D:8      | Found a bloodstained altar of Trog.
  7816 | D:8      | Found a hazy altar of Hepliaklqana.
  7817 | D:8      | Found a deep blue altar of Sif Muna.
  7817 | D:8      | Found a sacrificial altar of Ru.
  7821 | D:8      | Found a radiant altar of Vehumet.
  7863 | D:8      | Found Osiol's Armour Boutique.
  7875 | D:8      | Bought a +0 pair of boots for 63 gold pieces
  7950 | D:8      | Reached XP level 11. HP: 39/71 MP: 12/12
  8119 | D:8      | Found a blossoming altar of Fedhas.
  8342 | D:8      | Noticed a two-headed ogre
  8349 | D:8      | Killed a two-headed ogre
  8530 | D:9      | Noticed Joseph
  8553 | D:9      | Killed Joseph
  8854 | D:9      | Reached skill level 10 in Fighting
  9108 | D:10     | Entered Level 10 of the Dungeon
  9251 | D:10     | Reached ***** piety under Trog
  9785 | D:11     | Noticed a brown ugly thing
  9811 | D:10     | HP: 3/108 [acid (7)]
  9820 | D:10     | Killed a brown ugly thing
  9846 | D:10     | Killed an unseen horror
 10320 | D:11     | Noticed a two-headed ogre
 10334 | D:11     | Killed a two-headed ogre
 10334 | D:11     | Reached XP level 12. HP: 68/79 MP: 13/13
 10532 | D:11     | Reached skill level 5 in Crossbows
 10615 | D:11     | Found a staircase to the Lair.
 10904 | Lair:1   | Entered Level 1 of the Lair of Beasts
 11316 | Lair:1   | Received a gift from Trog
 11873 | Lair:1   | Reached skill level 10 in Crossbows
 11895 | Lair:1   | Splashed by an oklob plant's acid

Vault maps used:
D:1:      onia_arrival_handbag
D:2:      eat_drink_and_be_merry_uskayaw
D:3:      kennysheep_goblin_castle, evilmike_ruin_ashenzari, first_bread,
          gup_sewer_entry_bubbles, uniq_grinder, uniq_sigmund
D:4:      corexii_shantytown, uniq_pikel
D:5:      uniq_blork_the_orc, uniq_crazy_yiuf_cottage, uniq_edmund, uniq_iyjb
D:6:      grunt_ministairs_15, minmay_misc_feat_plants,
          minmay_misc_feat_encased, uniq_eustachio
D:7:      slow_altar_1, minmay_temple_entry_nine_rooms, basic_altar, the_bakery
D:8:      nicolae_overflow_crystal_walls, minitemple, serial_shops, shop
D:9:      uniq_joseph
D:10:     nicolae_lava_and_water
D:11:     erik_lair_dragon
Lair:1:   st_stairs_8, grunt_megastairs_3, lemuel_fruit_tree,
          minmay_lair_oklob_chamber

Skill      XL: |  1  2  3  4  5  6  7  8  9 10 11 12 |
---------------+-------------------------------------+-----
Short Blades   | 5 7 8 10 | 10.0
Dodging        | 3 5 6 8 10 | 10.9
Fighting       | 4 5 7 9 10 | 10.8
Armour         | 2 3 5 6 8 |  8.4
Stealth        | 1 2 3 |  3.9
Crossbows      | 3 10 | 10.0

Action                   |  1- 3 |  4- 6 |  7- 9 | 10-12 || total
-------------------------+-------+-------+-------+-------++-------
Melee: Short sword       |    91 |   190 |   783 |       ||  1064
       Rapier            |       |       |       |   789 ||   789
 Fire: Hand crossbow     |       |       |       |    21 ||    21
Invok: Berserk           |     2 |     2 |    12 |     8 ||    24
       Trog's Hand       |       |     2 |     6 |     6 ||    14
  Use: Potion            |       |     1 |     1 |     5 ||     7
       Scroll            |       |       |     8 |     9 ||    17
 Stab: Sleeping          |     3 |       |     1 |     1 ||     5
  Eat: Chunk             |    10 |     6 |    26 |    31 ||    73
Armor: Animal skin       |     2 |       |       |       ||     2
       Leather armour    |    12 |    41 |    32 |       ||    85
       Ring mail         |       |       |   115 |    65 ||   180
       Chain mail        |       |       |       |   195 ||   195
Dodge: Dodged            |    79 |   153 |   455 |   503 ||  1190
